 Dungeon Crawl Stone Soup version 0.31-a0-819-gf6de2f5ab6 (webtiles) character file.

Game seed: 141100166114989385

679 Kurtz the Cleaver (level 7, -4/46 HPs)
             Began as an Octopode Fighter on Sept 23, 2023.
             Slain by a centaur (7 damage)
             ... on level 5 of the Dungeon.
             The game lasted 00:04:07 (4613 turns).

Kurtz the Cleaver (Octopode Fighter)                Turns: 4613, Time: 00:04:08

Health: -4/46      AC:  1    Str: 16    XL:     7   Next: 60%
Magic:  7/7        EV: 13    Int: 10    God:
Gold:   171        SH:  4    Dex: 13    Spells: 6/6 levels left

rFire   . . .        a - +0 war axe
rCold   . . .        b - +0 buckler
rNeg    . . .        (helmet restricted)
rPois   .            (no amulet)
rElec   .            d - ring of wizardry
rCorr   .            (no ring)
SInv    .            (no ring)
Will    +....        (no ring)
Stlth   ++           (no ring)
HPRegen 0.27/turn    (no ring)
MPRegen 0.10/turn    (no ring)
                     (no ring)

%: wizardry (x1)
@: enlightened, flying
A: almost no armour, amphibious, 8 rings, camouflage 1, gelatinous body 1,
(nimble swimmer 1), tentacles
a: no special abilities


You were on level 5 of the Dungeon.
You visited 1 branch of the dungeon, and saw 5 of its levels.
You also visited: Sewer.

You collected 171 gold pieces.

Inventory:

Hand Weapons
 a - a +0 war axe (weapon)
Missiles
 h - 5 curare-tipped darts (quivered)
Armour
 b - a +0 buckler (worn)
Jewellery
 d - a ring of wizardry (left tentacle)
 p - a ring of flight
 v - a ring of fire
Wands
 s - a wand of polymorph (12)
Scrolls
 e - a scroll of immolation {unknown}
 f - 2 scrolls of poison
 l - a scroll of butterflies
 m - a scroll of amnesia
 n - a scroll of torment {unknown}
 o - a scroll of brand weapon {unknown}
 r - a scroll of enchant weapon {unknown}
 u - 2 scrolls of teleportation {unknown}
 w - 4 scrolls of identify
Potions
 c - a potion of might
 g - 2 potions of curing
 i - a potion of enlightenment
 j - a potion of mutation {unknown}
 k - 2 potions of heal wounds {unknown}
 q - a potion of resistance {unknown}


   Skills:
 * Level 3.4 Fighting
 * Level 8.0 Axes
 * Level 3.2 Dodging
 - Level 3.0 Shields


You had 6 spell levels left.
You didn't know any spells.
Your spell library contained the following spells:

 Spells                   Type           Power      Damage    Failure   Level
 Sublimation of Blood     Necr           0%         N/A       28%         2
 Petrify                  Tmut/Erth      0%         N/A       86%         4
 Irradiate                Conj/Tmut      0%         3d11      99%         5
 Lee's Rapid Deconstruct  Erth           0%         3d4*      99%         5
 Simulacrum               Ice/Necr       0%         N/A       100%        6
 Shatter                  Erth           0%         3d5*      100%        9


Dungeon Overview and Level Annotations

Branches:
Dungeon (5/15)              Sewer (visited)
 Temple: D:4-7

Altars:
Uskayaw
Xom

Shops:
D:4 :

Annotations:
D:4 exclusion: downstairs


Innate Abilities, Weirdness & Mutations

You cannot wear most types of armour.
You are amphibious.
You can wear up to eight rings at the same time.
Your skin changes colour to match your surroundings (Stealth+).
Your rubbery body absorbs attacks. (AC +1, EV +1)
((You are camouflaged when in or above water. (Stealth+)))
You have tentacles for arms and can constrict up to eight enemies at once.


Message History

The hound barely misses you.
You slash the hound! Your grab misses the hound.
The hound is severely wounded.
The hound barely misses you.
You hit the hound.
You kill the hound!
The centaur shoots an arrow.
The arrow barely misses you.
The centaur unwields a +0 orcbow.
The centaur hits you. The centaur kicks you.
The orc hits you from afar with a +0 trident.
The centaur hits you. You block the centaur's attack.
You slash the centaur!
The centaur is heavily wounded.
The centaur closely misses you.
The centaur kicks you but does no damage.
You block the orc's attack.
You hit the centaur.
The centaur is severely wounded.
The centaur hits you. The centaur kicks you. The orc barely misses you.
The centaur barely misses you. The centaur kicks you.
You hit the centaur but do no damage.
You squeeze the centaur, but do no damage.
The centaur is severely wounded.
The centaur closely misses you. The centaur kicks you.
* * * LOW HITPOINT WARNING * * *
The orc hits you from afar with a +0 trident.
* * * LOW HITPOINT WARNING * * *
The centaur hits you.
* * * LOW HITPOINT WARNING * * *
The centaur closely misses you.
The orc hits you from afar with a +0 trident!
* * * LOW HITPOINT WARNING * * *
You feel better. The centaur barely misses you. The centaur kicks you.
* * * LOW HITPOINT WARNING * * *
The orc hits you from afar with a +0 trident!
* * * LOW HITPOINT WARNING * * *
It was a potion of enlightenment.
You feel very buoyant.
You fly up into the air.
You block the centaur's attack. The centaur closely misses you.
The centaur hits you!
You die...

..##.#...####..
....{#.ยง.........
.?..{............
##.###o.h######.# #
#...# #.# #...# #.#
#...# #.# #
.###...######.####.###.#
..........{{oc@.........
......############.###.#
..### #


You could see a centaur and an orc.

Vanquished Creatures
  2 ogres
  A bullfrog (Sewer)
  A scorpion (D:4)
  2 hounds
  A gnoll bouda (D:4)
  2 iguanas (D:4)
  5 adders
  8 gnolls
  4 worms
  A dart slug (D:1)
  5 endoplasms
  12 giant cockroaches
  9 goblins
  7 hobgoblins
  4 jackals (D:2)
  9 kobolds
  13 quokkas
  13 ball pythons
  12 bats
  10 frilled lizards
  A rat (D:2)
122 creatures vanquished.

Notes
Turn   | Place    | Note
-------+----------+-------------------------------------------
     0 | D:1      | Kurtz the Octopode Fighter began the quest for the Orb.
     0 | D:1      | Reached XP level 1. HP: 16/16 MP: 1/1
   136 | D:1      | Reached XP level 2. HP: 21/21 MP: 2/2
   180 | D:1      | Reached skill level 3 in Axes
   490 | D:1      | Reached XP level 3. HP: 24/26 MP: 3/3
  1122 | D:2      | Reached skill level 4 in Axes
  1184 | D:2      | Reached XP level 4. HP: 30/31 MP: 4/4
  1442 | D:2      | Reached skill level 5 in Axes
  1695 | D:2      | Reached XP level 5. HP: 36/36 MP: 5/5
  2659 | D:4      | Found Hiosmiff's Tremendous Tomes.
  2872 | D:4      | Found a glowing drain.
  2884 | Sewer    | Entered a sewer
  3099 | Sewer    | Reached skill level 6 in Axes
  3099 | Sewer    | Reached XP level 6. HP: 27/42 MP: 6/6
  3208 | D:4      | HP: 2/42 [ogre/+0 giant club (38)]
  3210 | D:4      | Reached skill level 7 in Axes
  3703 | D:4      | Reached XP level 7. HP: 23/46 MP: 7/7
  4120 | D:5      | Entered Level 5 of the Dungeon
  4494 | D:5      | Found a shimmering altar of Xom.
  4539 | D:5      | Found a hide-covered altar of Uskayaw.
  4572 | D:5      | Reached skill level 8 in Axes
  4583 | D:5      | Got a gaudy book
  4611 | D:5      | HP: 1/46 [orc/+0 trident (7)]
  4613 | D:5      | Slain by a centaur

Illustrated notes

Levels and vault maps discovered:
D:1:      dpeg_arrival_more_subterranean_lakeside_camping, layout_basic,
          st_stairs_2, nicolae_twisty_statue_hallways
D:2:      minmay_diamond_boxcup, layout_rooms
D:3:      layout_basic, grunt_decor_cap, serial_bayou_lake_a
D:4:      layout_loops_ring, cheibrodos_sewer_entry_sluice, grunt_ministairs_3,
          minmay_misc_feat_rugged, dk_noncrumbling_3,
          nicolae_shop_i_like_big_books, chequers_mini_garden
D:5:      layout_basic, mainiacjoe_overflow_concentric_impassable,
          eat_drink_and_be_merry_uskayaw

Skill      XL: |  1  2  3  4  5  6  7 |
---------------+----------------------+-----
Axes           | 3 4 5 6 7 8 |  8.0
Fighting       | |  3.4
Dodging        | |  3.2
Shields        | |  3.0

Action                     |  1- 3 |  4- 6 |  7- 9 || total
---------------------------+-------+-------+-------++-------
  Melee: War axe           |    65 |   128 |    30 ||   223
         Constrict         |    12 |    33 |     7 ||    52
         Tentacles         |    10 |    25 |     7 ||    42
         Punch             |       |     1 |       ||     1
  Throw: Dart              |       |     1 |     3 ||     4
    Use: Scroll            |       |     3 |     1 ||     4
         Potion            |       |       |     3 ||     3
   Stab: Sleeping          |     9 |     9 |       ||    18
 Armour: Skin              |    24 |    60 |    33 ||   117
  Dodge: Dodged            |    33 |    80 |    35 ||   148
  Block: Buckler           |    17 |    24 |    11 ||    52

Table legend: (Time is in decaauts)
 A = Elapsed time spent in this place.
 B = Non-inter-level travel time spent in this place.
 C = Inter-level travel time spent in this place.
 D = Time resting spent in this place.
 E = Time spent auto-exploring this place.
 F = Levels seen in this place.
 G = Mean time per level.
                   A        B        C        D        E       F      G
               +--------+--------+--------+--------+--------+-----+--------+
         Total |   4687 |   4514 |    173 |    773 |   2884 |   6 |  781.2 |
       Dungeon |   4382 |   4209 |    173 |    731 |   2765 |   5 |  876.4 |
         Sewer |    305 |    305 |      0 |     42 |    119 |   1 |  305.0 |
               +--------+--------+--------+--------+--------+-----+--------+

Top non-repeatable levels by time:
     D:4: 1457 daAuts
     D:1: 947 daAuts
     D:3: 903 daAuts
     D:2: 800 daAuts
   Sewer: 305 daAuts
     D:5: 273 daAuts
